| TOP OF THE 1ST |
|
Visalia Mets batting - Pitching for Lodi Crushers : RHP Homer Moncrief
|
|
Pitching: RHP Homer Moncrief
|
|
|
Batting: RHB Danny Ainge
|
0-0: Called Strike 0-1: Ball 1-1: Foul Ball, location: 2F 1-2: Ball 2-2: Foul Ball, location: 2F 2-2: Ground out 6-3 (Groundball, 6, EV 109.4 MPH)
|
|
Batting: SHB David Navarro
|
0-0: Called Strike 0-1: Ball 1-1: Ball 2-1: Ball 3-1: Swinging Strike 3-2: Foul Ball, location: 2F 3-2: Ground out 4-3 (Groundball, 13, EV 85.0 MPH)
|
|
Batting: LHB Huey Gayden
|
0-0: Called Strike 0-1: Ball 1-1: Ball 2-1: Ball 3-1: Fly out, F4 (Popup, 4, EV 60.6 MPH)
|
| Top of the 1st over - 0 runs, 0 hits, 0 errors, 0 left on base; Visalia 0 - Lodi 0 |
| BOTTOM OF THE 1ST |
|
Lodi Crushers batting - Pitching for Visalia Mets : RHP Tim Cates
|
|
Pitching: RHP Tim Cates
|
|
|
Batting: LHB Kal Daniels
|
0-0: Ball 1-0: Foul Ball, location: 2F 1-1: Ball 2-1: Ball 3-1: Foul Ball, location: 2F 3-2: Foul Ball, location: 2F 3-2: Fly out, F9 (Flyball, 9, EV 83.1 MPH)
|
|
Batting: RHB Dave Lebeau
|
0-0: Foul Ball, location: 2F 0-1: Foul Ball, location: 2F 0-2: Foul Ball, location: 2F 0-2: SINGLE (Groundball, 56, EV 86.3 MPH) (infield hit)
|
|
Batting: RHB Carmelo Martinez
|
0-0: Ball Dave Lebeau steals 2nd base (no throw) 1-0: Fly out, F7 (Line Drive, 7D, EV 102.5 MPH)
|
|
Batting: LHB Fred McGriff
|
0-0: Called Strike 0-1: Ball 1-1: Foul Ball, location: 2F 1-2: Ball Wild Pitch! Dave Lebeau to third 2-2: Ball 3-2: Base on Balls
|
|
Batting: RHB Terry McGriff
|
0-0: Called Strike 0-1: Ball 1-1: SINGLE (Groundball, 6MD, EV 101.9 MPH) Dave Lebeau scores Fred McGriff to second Runner from 2nd tries for 3rd, SAFE, no throw by CF
|
|
Batting: RHB Mark Van Blaricom
|
0-0: Ball 1-0: Ball 2-0: Ball 3-0: Called Strike 3-1: Foul Ball, location: 2F 3-2: Fly out, F7 (Flyball, 7LM, EV 83.8 MPH)
|
| Bottom of the 1st over - 1 run, 2 hits, 0 errors, 2 left on base; Visalia 0 - Lodi 1 |
| TOP OF THE 2ND |
|
Visalia Mets batting - Pitching for Lodi Crushers : RHP Homer Moncrief
|
|
Batting: LHB Pete Dalena
|
0-0: Fly out, F9 (Flyball, 9S, EV 86.9 MPH)
|
|
Batting: RHB Gabriel de la Sancha
|
0-0: Foul Ball, location: 2F 0-1: SINGLE (Line Drive, 7S, EV 103.8 MPH)
|
|
Batting: RHB Ed Sedar
|
0-0: Called Strike 0-1: Ball 1-1: Called Strike 1-2: Foul Ball, location: 2F 1-2: Ball 2-2: Foul Ball, location: 2F 2-2: SINGLE (Groundball, 23, EV 82.5 MPH) (infield hit) Gabriel de la Sancha to second
|
|
Batting: RHB Mitchell Ashmore
|
0-0: Ball 1-0: Called Strike 1-1: Grounds into double play, 5-4-3 (Groundball, 5, EV 90.0 MPH)
|
| Top of the 2nd over - 0 runs, 2 hits, 0 errors, 1 left on base; Visalia 0 - Lodi 1 |
| BOTTOM OF THE 2ND |
|
Lodi Crushers batting - Pitching for Visalia Mets : RHP Tim Cates
|
|
Batting: RHB Ron Karkovice
|
0-0: Ball 1-0: SINGLE (Groundball, 4MD, EV 94.4 MPH)
|
|
Batting: LHB Jeff Reed
|
0-0: Called Strike 0-1: Foul Ball, location: 2F 0-2: Ball 1-2: Strikes out looking
|
|
Batting: RHB Chris Baker
|
0-0: 2-RUN HOME RUN (Flyball, 89XD, EV 103.1 MPH), Distance : 388 ft
|
|
Batting: LHB Kal Daniels
|
0-0: Ground out 4-3 (Groundball, 4, EV 84.4 MPH)
|
|
Batting: RHB Dave Lebeau
|
0-0: Ball 1-0: Ground out 6-3 (Groundball, 56, EV 101.3 MPH)
|
| Bottom of the 2nd over - 2 runs, 2 hits, 0 errors, 0 left on base; Visalia 0 - Lodi 3 |
| TOP OF THE 3RD |
|
Visalia Mets batting - Pitching for Lodi Crushers : RHP Homer Moncrief
|
|
Batting: RHB Lloyd Bessard
|
0-0: Ball 1-0: Ground out 6-3 (Groundball, 6, EV 85.6 MPH)
|
|
Batting: RHB Eddie Dennis
|
0-0: Fly out, F8 (Line Drive, 8RM, EV 86.9 MPH)
|
|
Batting: RHB Danny Ainge
|
0-0: Ball 1-0: Ball 2-0: Ball 3-0: Called Strike 3-1: Base on Balls
|
|
Batting: SHB David Navarro
|
0-0: Called Strike 0-1: Ball 1-1: Called Strike 1-2: Ball 2-2: Ground out 4-3 (Groundball, 4, EV 78.8 MPH)
|
| Top of the 3rd over - 0 runs, 0 hits, 0 errors, 1 left on base; Visalia 0 - Lodi 3 |
| BOTTOM OF THE 3RD |
|
Lodi Crushers batting - Pitching for Visalia Mets : RHP Tim Cates
|
|
Batting: RHB Carmelo Martinez
|
0-0: Called Strike 0-1: Ball 1-1: Ground out 5-3 (Groundball, 56, EV 102.5 MPH)
|
|
Batting: LHB Fred McGriff
|
0-0: Ball 1-0: Swinging Strike 1-1: Swinging Strike 1-2: Ball 2-2: Fly out, F8 (Flyball, 89XD, EV 103.8 MPH)
|
|
Batting: RHB Terry McGriff
|
0-0: Called Strike 0-1: Ground out 5-3 (Groundball, 56S, EV 80.0 MPH)
|
| Bottom of the 3rd over - 0 runs, 0 hits, 0 errors, 0 left on base; Visalia 0 - Lodi 3 |
| TOP OF THE 4TH |
|
Visalia Mets batting - Pitching for Lodi Crushers : RHP Homer Moncrief
|
|
Batting: LHB Huey Gayden
|
0-0: Called Strike 0-1: Ball 1-1: Ball 2-1: Called Strike 2-2: Ground out U3 (Groundball, 3, EV 82.5 MPH)
|
|
Batting: LHB Pete Dalena
|
0-0: Fly out, F9 (Flyball, 89XD, EV 101.3 MPH)
|
|
Batting: RHB Gabriel de la Sancha
|
0-0: Called Strike 0-1: Foul Ball, location: 2F 0-2: SINGLE (Line Drive, 78S, EV 105.6 MPH)
|
|
Batting: RHB Ed Sedar
|
0-0: Ball 1-0: Ball 2-0: Ball 3-0: Base on Balls Gabriel de la Sancha to second
|
|
Batting: RHB Mitchell Ashmore
|
0-0: Ball 1-0: Called Strike 1-1: Ball 2-1: Ball 3-1: Foul Ball, location: 2F 3-2: Foul Ball, location: 2F 3-2: Strikes out swinging
|
| Top of the 4th over - 0 runs, 1 hit, 0 errors, 2 left on base; Visalia 0 - Lodi 3 |
| BOTTOM OF THE 4TH |
|
Lodi Crushers batting - Pitching for Visalia Mets : RHP Tim Cates
|
|
Batting: RHB Mark Van Blaricom
|
0-0: Ball 1-0: Ball 2-0: Called Strike 2-1: Ball 3-1: SINGLE (Groundball, 4MD, EV 108.8 MPH)
|
|
Batting: RHB Ron Karkovice
|
0-0: Foul Ball, location: 2F 0-1: Swinging Strike 0-2: Ball 1-2: Foul Ball, location: 2F 1-2: Ball 2-2: Ball 3-2: Foul Ball, location: 2F 3-2: Fly out, F9 (Flyball, 89S, EV 86.9 MPH)
|
|
Batting: LHB Jeff Reed
|
0-0: Swinging Strike 0-1: Grounds out, U3 (Groundball, 3L, EV 80.0 MPH)
|
|
Batting: RHB Chris Baker
|
0-0: Foul Ball, location: 2F 0-1: Fly out, F6 (Line Drive, 6, EV 73.1 MPH)
|
| Bottom of the 4th over - 0 runs, 1 hit, 0 errors, 1 left on base; Visalia 0 - Lodi 3 |
| TOP OF THE 5TH |
|
Visalia Mets batting - Pitching for Lodi Crushers : RHP Homer Moncrief
|
|
Batting: RHB Lloyd Bessard
|
0-0: Called Strike 0-1: Foul Ball, location: 2F 0-2: Ball 1-2: Ball 2-2: Strikes out swinging
|
|
Batting: RHB Eddie Dennis
|
0-0: Called Strike 0-1: Ground out 4-3 (Groundball, 4S, EV 76.9 MPH)
|
|
Batting: RHB Danny Ainge
|
0-0: Foul Ball, location: 2F 0-1: Ball 1-1: SINGLE (Line Drive, 9LS, EV 96.9 MPH)
|
|
Batting: SHB David Navarro
|
0-0: Ground out 4-3 (Groundball, 4, EV 79.4 MPH)
|
| Top of the 5th over - 0 runs, 1 hit, 0 errors, 1 left on base; Visalia 0 - Lodi 3 |
| BOTTOM OF THE 5TH |
|
Lodi Crushers batting - Pitching for Visalia Mets : RHP Tim Cates
|
|
Batting: LHB Kal Daniels
|
0-0: Ball 1-0: Ball 2-0: Called Strike 2-1: Ground out 6-3 (Groundball, 4M, EV 96.9 MPH)
|
|
Batting: RHB Dave Lebeau
|
0-0: Ball 1-0: Called Strike 1-1: Ball 2-1: Swinging Strike 2-2: Ball 3-2: SOLO HOME RUN (Flyball, 7LD, EV 100.0 MPH), Distance : 354 ft
|
|
Batting: RHB Carmelo Martinez
|
0-0: Ball 1-0: Swinging Strike 1-1: Foul Ball, location: 2F 1-2: Strikes out looking
|
|
Batting: LHB Fred McGriff
|
0-0: Swinging Strike 0-1: Ball 1-1: Foul Ball, location: 2F 1-2: Foul Ball, location: 2F 1-2: SINGLE (Line Drive, 89M, EV 90.0 MPH)
|
|
Batting: RHB Terry McGriff
|
0-0: Ball 1-0: Called Strike 1-1: Ball 2-1: Ball 3-1: Fielders Choice at 2nd, 6-4 (Groundball, 6, EV 86.3 MPH)
|
| Bottom of the 5th over - 1 run, 2 hits, 0 errors, 1 left on base; Visalia 0 - Lodi 4 |
| TOP OF THE 6TH |
|
Visalia Mets batting - Pitching for Lodi Crushers : RHP Homer Moncrief
|
|
Batting: LHB Huey Gayden
|
0-0: Ball 1-0: Foul Ball, location: 2F 1-1: Ball 2-1: SINGLE (Groundball, 34D, EV 100.0 MPH)
|
|
Batting: LHB Pete Dalena
|
0-0: 2-RUN HOME RUN (Flyball, 89XD, EV 89.4 MPH), Distance : 430 ft
|
|
Batting: RHB Gabriel de la Sancha
|
0-0: Called Strike 0-1: Ground out 5-3 (Groundball, 56, EV 103.8 MPH)
|
|
Batting: RHB Ed Sedar
|
0-0: Foul Ball, location: 2F 0-1: Ball 1-1: Ball 2-1: Ground out 6-3 (Groundball, 6M, EV 101.3 MPH)
|
|
Batting: RHB Mitchell Ashmore
|
0-0: SINGLE (Line Drive, 89M, EV 101.9 MPH)
|
|
Batting: RHB Lloyd Bessard
|
0-0: Ball 1-0: Foul Ball, location: 2F 1-1: Swinging Strike 1-2: Strikes out swinging
|
| Top of the 6th over - 2 runs, 3 hits, 0 errors, 1 left on base; Visalia 2 - Lodi 4 |
| BOTTOM OF THE 6TH |
|
Lodi Crushers batting - Pitching for Visalia Mets : RHP Tim Cates
|
|
Batting: RHB Mark Van Blaricom
|
0-0: Foul Ball, location: 2F 0-1: Ball 1-1: Ground out 4-3 (Groundball, 4S, EV 75.6 MPH)
|
|
Batting: RHB Ron Karkovice
|
0-0: Called Strike 0-1: Ball 1-1: SINGLE (Groundball, 6M, EV 88.8 MPH) (infield hit)
|
|
Batting: LHB Jeff Reed
|
0-0: Ball 1-0: Foul Ball, location: 2F 1-1: Ball 2-1: Ball 3-1: DOUBLE (Line Drive, 89M, EV 96.9 MPH) Ron Karkovice to third Runner from 3rd tries for Home, SAFE, throw by CF to home
|
|
Pitching: RHP Mike Ferguson
|
|
|
Batting: RHB Chris Baker
|
0-0: Ball 1-0: Foul Ball, location: 2F 1-1: Foul Ball, location: 2F 1-2: Foul Ball, location: 2F 1-2: Ball 2-2: Ball 3-2: Fly out, F9 (Flyball, 89M, EV 94.4 MPH)
|
|
Batting: LHB Kal Daniels
|
0-0: Swinging Strike 0-1: 2-RUN HOME RUN (Flyball, 9LD, EV 98.8 MPH), Distance : 358 ft
|
|
Batting: RHB Dave Lebeau
|
0-0: Ball 1-0: Ball 2-0: Ball 3-0: Called Strike 3-1: Base on Balls
|
|
Batting: RHB Carmelo Martinez
|
0-0: Foul Ball, location: 2F 0-1: Ball 1-1: Called Strike 1-2: Foul Ball, location: 2F 1-2: Foul Ball, location: 2F 1-2: Ball 2-2: Ball 3-2: SINGLE (Groundball, 34D, EV 94.4 MPH) Dave Lebeau to second Dave Lebeau to third
|
|
Batting: LHB Fred McGriff
|
0-0: Called Strike 0-1: Ball 1-1: Ball 2-1: Ball Wild Pitch! Dave Lebeau scores Carmelo Martinez to second 3-1: Ground out 6-3 (Groundball, 56, EV 103.8 MPH)
|
| Bottom of the 6th over - 4 runs, 4 hits, 0 errors, 1 left on base; Visalia 2 - Lodi 8 |
| TOP OF THE 7TH |
|
Visalia Mets batting - Pitching for Lodi Crushers : RHP Homer Moncrief
|
|
Batting: RHB Eddie Dennis
|
0-0: Ball 1-0: Ground out 4-3 (Groundball, 4, EV 77.5 MPH)
|
|
Batting: RHB Danny Ainge
|
0-0: Swinging Strike 0-1: Called Strike 0-2: Ball 1-2: Fly out, F9 (Flyball, 9, EV 98.8 MPH)
|
|
Batting: SHB David Navarro
|
0-0: Swinging Strike 0-1: Ball 1-1: Fly out, F8 (Flyball, 8RM, EV 90.0 MPH)
|
| Top of the 7th over - 0 runs, 0 hits, 0 errors, 0 left on base; Visalia 2 - Lodi 8 |
| BOTTOM OF THE 7TH |
|
Lodi Crushers batting - Pitching for Visalia Mets : RHP Mike Ferguson
|
|
Batting: RHB Terry McGriff
|
0-0: Ball 1-0: Ground out U3 (Groundball, 34S, EV 86.9 MPH)
|
|
Batting: RHB Mark Van Blaricom
|
0-0: SINGLE (Line Drive, 8LS, EV 111.3 MPH)
|
|
Batting: RHB Ron Karkovice
|
0-0: Called Strike 0-1: Ball 1-1: Grounds into double play, 6-4-3 (Groundball, 6S, EV 83.1 MPH)
|
| Bottom of the 7th over - 0 runs, 1 hit, 0 errors, 0 left on base; Visalia 2 - Lodi 8 |
| TOP OF THE 8TH |
|
Visalia Mets batting - Pitching for Lodi Crushers : RHP Homer Moncrief
|
|
Batting: LHB Huey Gayden
|
0-0: Foul Ball, location: 2F 0-1: Ground out 5-3 (Groundball, 56S, EV 80.6 MPH)
|
|
Batting: LHB Pete Dalena
|
0-0: Ball 1-0: Swinging Strike 1-1: Swinging Strike 1-2: Ball 2-2: Foul Ball, location: 2F 2-2: Ball 3-2: Ground out 6-3 (Groundball, 6, EV 106.3 MPH)
|
|
Batting: RHB Gabriel de la Sancha
|
0-0: Ball 1-0: Swinging Strike 1-1: Called Strike 1-2: Strikes out swinging
|
| Top of the 8th over - 0 runs, 0 hits, 0 errors, 0 left on base; Visalia 2 - Lodi 8 |
| BOTTOM OF THE 8TH |
|
Lodi Crushers batting - Pitching for Visalia Mets : RHP Mike Ferguson
|
|
Batting: LHB Jeff Reed
|
0-0: Ground out 3-1 (Groundball, 34, EV 98.8 MPH)
|
|
Batting: RHB Chris Baker
|
0-0: Foul Ball, location: 2F 0-1: Ball 1-1: Foul Ball, location: 2F 1-2: Strikes out swinging
|
|
Batting: LHB Kal Daniels
|
0-0: Fly out, F2 (Popup, 25F, EV 81.3 MPH)
|
| Bottom of the 8th over - 0 runs, 0 hits, 0 errors, 0 left on base; Visalia 2 - Lodi 8 |
| TOP OF THE 9TH |
|
Visalia Mets batting - Pitching for Lodi Crushers : RHP Homer Moncrief
|
|
Batting: RHB Ed Sedar
|
0-0: Foul Ball, location: 2F 0-1: Ball 1-1: Ground out 6-3 (Groundball, 6, EV 83.1 MPH)
|
|
Batting: RHB Mitchell Ashmore
|
0-0: SINGLE (Line Drive, 7S, EV 96.9 MPH)
|
|
Batting: RHB Lloyd Bessard
|
0-0: Ball 1-0: Ball 2-0: Foul Ball, location: 2F 2-1: SINGLE (Flyball, 6D, EV 88.8 MPH) Mitchell Ashmore to second
|
|
Batting: RHB Eddie Dennis
|
0-0: SINGLE (Groundball, 56D, EV 96.9 MPH) Mitchell Ashmore to third Lloyd Bessard to second
|
|
Batting: RHB Danny Ainge
|
0-0: Foul Ball, location: 2F 0-1: Foul Ball, location: 2F 0-2: Ball 1-2: Strikes out swinging
|
|
Batting: SHB David Navarro
|
0-0: Ball 1-0: Fly out, F9 (Line Drive, 9D, EV 108.1 MPH)
|
| Top of the 9th over - 0 runs, 3 hits, 0 errors, 3 left on base; Visalia 2 - Lodi 8 |
|